 Dungeon Crawl Stone Soup version 0.30-b1-2-g02819fbbbe (webtiles) character file.

Game seed: 5163991279666301180

225 Fartwhistle the Changer (level 6, -2/58 HPs)
             Began as an Octopode Transmuter on May 25, 2023.
             Was an Initiate of Vehumet.
             Slain by Pikel
             ... wielding a +1 whip of flaming
              (3 damage)
             ... on level 4 of the Dungeon.
             The game lasted 00:07:34 (3031 turns).

Fartwhistle the Changer (Octopode Transmuter)       Turns: 3031, Time: 00:07:35

Health: -2/58      AC: 27    Str: 10    XL:     6   Next: 1%
Magic:  10/11      EV:  2    Int: 17    God:    Vehumet [......]
Gold:   246        SH:  0    Dex: 12    Spells: 7/11 levels left

rFire   . .          .
                       - Unarmed
rCold   . . .        (no shield)
rNeg    . . .        (helmet currently unavailable)
rPois   +            (no amulet)
rElec   .            i - +4 ring of protection
rCorr   .            (no ring)
SInv    .            (no ring)
Will    .....        (no ring)
Stlth   +            (no ring)
HPRegen 0.29/turn    (no ring)
MPRegen 0.12/turn    (no ring)
                     (no ring)

%: no passive effects
@: tree-form, attractive
A: stationary, stasis, torment immunity, boosted hp, almost no armour,
(amphibious), 8 rings, (camouflage 1), (gelatinous body 1), (nimble swimmer 1),
(tentacles)
a: Renounce Religion


You were on level 4 of the Dungeon.
You worshipped Vehumet.
Vehumet was noncommittal.
You were a tree.
You visited 2 branches of the dungeon, and saw 5 of its levels.

You collected 246 gold pieces.

Inventory:

Hand Weapons
 n - the +6 whip of Gozag's Grace {heavy, Will+ SInv}
   (You found it on level 3 of the Dungeon)

   SInv:      It lets you see invisible.
   Will:      It increases your willpower.
Missiles
 m - 2 throwing nets
Jewellery
 i - a +4 ring of protection (left branch)
Scrolls
 b - a scroll of butterflies {unknown}
 c - a scroll of amnesia {unknown}
 e - 2 scrolls of identify {unknown}
 f - 2 scrolls of magic mapping {unknown}
 h - a scroll of vulnerability {unknown}
 j - a scroll of immolation {unknown}
 k - a scroll of enchant weapon {unknown}
 l - a scroll of enchant armour {unknown}
Potions
 a - a potion of lignification


   Skills:
 + Level 2.0 Fighting
 - Level 2.1 Dodging
 - Level 3.1 Unarmed Combat
 + Level 3.3 Spellcasting
 + Level 4.1 Transmutations
 + Level 2.3 Poison Magic


You had 7 spell levels left.
You knew the following spells:

 Your Spells              Type           Power      Damage    Failure   Level
a - Beastly Appendage     Tmut           32%        N/A       3%          1
b - Spider Form           Tmut/Pois      13%        N/A       14%         3

Your spell library contained the following spells:

 Spells                   Type           Power      Damage    Failure   Level
 Wereblood                Tmut           16%        N/A       4%          2
 Passwall                 Tmut/Erth      7%         N/A       11%         2
 Summon Small Mammal      Summ           8%         N/A       17%         1
 Ensorcelled Hibernation  Hex/Ice        4%         N/A       26%         2
 Call Canine Familiar     Summ           2%         N/A       45%         3
 Summon Guardian Golem    Hex/Summ       2%         N/A       45%         3
 Swiftness                Air            2%         N/A       45%         3
 Ice Form                 Ice/Tmut       9%         N/A       58%         4


Dungeon Overview and Level Annotations

Branches:
Dungeon (4/15)             Temple (1/1) D:4

Altars:
Ashenzari
Dithmenos
Elyvilon
Hepliaklqana
Kikubaaqudgha
Makhleb
Okawaru
Sif Muna
Trog
Vehumet
Wu Jian
Xom
Yredelemnul
Zin

Annotations:
D:4 Pikel


Innate Abilities, Weirdness & Mutations

You are a tree.
Your roots penetrate the ground, keeping you stationary.
You cannot be teleported.
You are immune to unholy pain and torment.
Your maximum health is greatly increased.
You cannot wear most types of armour.
((You are amphibious.))
You can wear up to eight rings at the same time.
((Your skin changes colour to match your surroundings (Stealth+).))
((Your rubbery body absorbs attacks. (AC +1, EV +1)))
((You are camouflaged when in or above water. (Stealth+)))
((You have tentacles for arms and can constrict up to eight enemies at once.))


Message History

Pikel says, "I'm sure they'll be treated well, anyway."
You barely miss the lemure.
The lemure is heavily wounded.
The lemure hits you!
* * * LOW HITPOINT WARNING * * *
You aren't carrying any items that you can evoke.
You smack the lemure!
The lemure is almost dead.
The lemure hits you but does no damage.
You hit the lemure but do no damage.
The lemure is almost dead.
The lemure hits you but does no damage.
You smack the lemure!
You kill the lemure!
That felt strangely unrewarding.
The lemure is attracted toward you.
You hit Pikel but do no damage. Pikel hits you but does no damage.
You hit Pikel.
Pikel is lightly wounded.
Pikel hits you with a +1 whip of flaming.
* * * LOW HITPOINT WARNING * * *
Pikel burns you.
* * * LOW HITPOINT WARNING * * *
You smack Pikel!
Pikel is moderately wounded.
Pikel barely misses you.
You hit Pikel but do no damage.
Pikel is moderately wounded.
Pikel hits you but does no damage.
You hit Pikel.
Pikel is heavily wounded.
Pikel hits you with a +1 whip of flaming.
* * * LOW HITPOINT WARNING * * *
Pikel burns you.
* * * LOW HITPOINT WARNING * * *
You smack Pikel!
You punch Pikel, but do no damage.
Pikel is severely wounded.
Pikel hits you with a +1 whip of flaming.
* * * LOW HITPOINT WARNING * * *
Pikel burns you.
You die...

.....5####..5#.### ....>
##.##.# .... ####5# ...
#K# #+# #5# ### #.# #.#
.[.###.# #.#
#......############.# #
#.###....)♣K5.......#
#<##........############
#.....[.....# #..).....#
#......### #......#
######.# ##.#######
#........#


You could see Pikel and a lemure.

Vanquished Creatures
  Edmund (D:4)
  3 lemures (D:4)
  4 adders
  An ufetubus (D:3)
  A worm (D:3)
  4 dart slugs
  3 orcs
  4 bats
  5 endoplasms
  4 giant cockroaches
  3 goblins
  6 hobgoblins
  2 jackals (D:4)
  A quokka (D:1)
  4 ball pythons
  A frilled lizard (D:3)
  7 kobolds
  8 rats
62 creatures vanquished.

Vanquished Creatures (others)
  4 demonic plants (D:3)
  3 fungi (D:3)
  9 plants
  2 withered plants (D:3)
18 creatures vanquished.

Grand Total: 80 creatures vanquished

Notes
Turn   | Place    | Note
-------+----------+-------------------------------------------
     0 | D:1      | Fartwhistle the Octopode Transmuter began the quest for the
                  | Orb.
     0 | D:1      | Reached XP level 1. HP: 13/13 MP: 3/3
   150 | D:1      | Reached XP level 2. HP: 15/18 MP: 3/5
   985 | D:2      | Reached XP level 3. HP: 23/23 MP: 4/6
  1139 | D:2      | Reached skill level 3 in Transmutations
  1310 | D:2      | Reached XP level 4. HP: 28/28 MP: 5/7
  1728 | D:2      | Learned a level 3 spell: Spider Form
  1956 | D:3      | Found a faded altar of an unknown god.
  2143 | D:3      | Found a broken altar of Ashenzari.
  2149 | D:3      | Reached skill level 1 in Poison Magic
  2303 | D:3      | Identified the +6 whip of Gozag's Grace {heavy, Will+ SInv}
  2722 | D:4      | Found a staircase to the Ecumenical Temple.
  2730 | Temple   | Entered the Ecumenical Temple
  2806 | Temple   | Became a worshipper of Vehumet
  2974 | D:4      | Noticed Pikel
  2974 | D:4      | Noticed a lemure
  2974 | D:4      | Noticed a lemure
  2974 | D:4      | Noticed a lemure
  2974 | D:4      | Noticed a lemure
  2997 | D:4      | Noticed Edmund
  2998 | D:4      | Killed a lemure
  3009 | D:4      | Killed Edmund
  3010 | D:4      | Reached skill level 4 in Transmutations
  3010 | D:4      | Reached XP level 5. HP: 10/34 MP: 7/10
  3010 | D:4      | Reached XP level 6. HP: 12/39 MP: 7/11
  3031 | D:4      | HP: 1/58 [Pikel/+1 whip of flaming (5)]
  3031 | D:4      | Slain by Pikel

Illustrated notes

Levels and vault maps discovered:
D:1:      dpeg_arrival_simpleton_b, layout_basic, chequers_big_river
D:2:      layout_basic, kennysheep_generic_room_10
D:3:      layout_basic, nicolae_ashenzari_panopticon,
          shapermc_ecumenical_altar_gd
D:4:      layout_loops_corners, minmay_temple_entry_mini_moons,
          chequers_serial_rivers_room_b, uniq_sigmund, uniq_pikel, uniq_edmund
Temple:   cyrus_circular_temple

Skill      XL: |  1  2  3  4 |
---------------+-------------+-----
Transmutations | 3 4 |  4.1
Poison Magic   | 2 |  2.3
Spellcasting   | 3 |  3.3
Fighting       | 2 |  2.0
Dodging        | |  2.1
Unarmed Combat | |  3.1

Action                     |  1- 3 |  4- 6 || total
---------------------------+-------+-------++-------
  Melee: Unarmed           |    85 |    92 ||   177
         Constrict         |    22 |    16 ||    38
         Kick              |    13 |    19 ||    32
         Tentacles         |    17 |     9 ||    26
         Punch             |     1 |     1 ||     2
   Cast: Beastly Appendage |    13 |     9 ||    22
         Spider Form       |       |     1 ||     1
    Use: Potion            |       |     4 ||     4
   Stab: Distracted        |     1 |       ||     1
         Sleeping          |     3 |     2 ||     5
 Armour: Skin              |    10 |    35 ||    45
  Dodge: Dodged            |    51 |    94 ||   145
